 Dungeon Crawl Stone Soup version 0.29-a0-923-g6e406bff71 (webtiles) character file.

Game seed: 16062745013438014199

443 jlumianski the Chiller (level 6, 0/42 HPs)
             Began as a Demonspawn Ice Elementalist on July 27, 2022.
             Slain by a gnoll
             ... wielding a +0 club
             ... led by a gnoll sergeant
              (6 damage)
             ... on level 4 of the Dungeon.
             The game lasted 00:22:11 (4395 turns).

jlumianski the Chiller (DsIE)                       Turns: 4395, Time: 00:22:11

Health: 0/42       AC:  4    Str:  9    XL:     6   Next: 71%
Magic:  11/11      EV: 11    Int: 22    God:
Gold:   54         SH:  0    Dex: 13    Spells: 4/11 levels left

rFire   + . .      SeeInvis .   k - +7 halberd of the Disturbing Xenops {freeze, rN+ Int+4}
rCold   . . .      Faith    .   (shield currently unavailable)
rNeg    + . .      Spirit   .   g - +0 leather armour
rPois   .          Reflect  .   m - +0 helmet
rElec   .          Harm     .   (no cloak)
rCorr   .          Rampage  .   (no gloves)
Will    .....                   (no boots)
Stlth   ++........              (no amulet)
HPRegen 0.14/turn               j - ring of protection from fire
MPRegen 0.12/turn               (no ring)

@: no status effects
A: powered by death 1, demonic touch 2
a: no special abilities


You were on level 4 of the Dungeon.
You visited 1 branch of the dungeon, and saw 5 of its levels.

You collected 54 gold pieces.

Inventory:

Hand Weapons
 d - a +1 short sword
 k - the +7 halberd of the Disturbing Xenops (weapon) {freeze, rN+ Int+4}
   (You found it on level 2 of the Dungeon)

   It freezes those it strikes, dealing additional cold damage.
   It can also slow down cold-blooded creatures.
   Int:       It affects your intelligence (+4).
   rN:        It protects you from negative energy.
Missiles
 e - 31 stones
 f - 10 poisoned darts (quivered)
 h - 5 atropa-tipped darts
Armour
 a - a +0 robe
 g - a +0 leather armour (worn)
 m - a +0 helmet (worn)
Jewellery
 j - a ring of protection from fire (left hand)
Scrolls
 l - a scroll of immolation
 o - a scroll of fear {unknown}
 p - a scroll of enchant weapon
 q - a scroll of vulnerability {unknown}
 r - 2 scrolls of butterflies {unknown}
Potions
 b - a potion of magic
 c - a potion of curing
 i - a potion of heal wounds {unknown}
 n - a potion of flight


   Skills:
 + Level 0.6 Fighting
 * Level 3.2 Polearms
 + Level 2.1 Armour
 + Level 2.1 Dodging
 + Level 2.2 Stealth
 + Level 3.3 Spellcasting
 + Level 4.8 Ice Magic


You had 4 spell levels left.
You knew the following spells:

 Your Spells              Type           Power      Damage    Failure   Level
a - Freeze                Ice            96%        1d11      2%          1
b - Frozen Ramparts       Ice            48%        1d6       7%          3
c - Ozocubu's Armour      Ice            24%        N/A       7%          3

Your spell library contained the following spells:

 Spells                   Type           Power      Damage    Failure   Level
 Static Discharge         Conj/Air       3%         3-4/arc   24%         2
 Hailstorm                Conj/Ice       14%        3d5       52%         4
 Dispel Undead            Necr           3%         3d7       85%         4
 Sticky Flame             Conj/Fire      3%         2d3       85%         4


Dungeon Overview and Level Annotations

Branches:
Dungeon (5/15)
 Temple: D:4-7

Altars:
Kikubaaqudgha
Sif Muna


Innate Abilities, Weirdness & Mutations

You regenerate a little health from kills.
Your touch may inflict irresistible damage on your foes.


Message History

Your icy armour starts to melt.
You start resting.
Magic restored.
You start resting.
Your icy armour evaporates.
You start resting.
HP restored.
There is a stone staircase leading down here.
You climb downwards.
The gnoll closely misses you. The orc barely misses you.
The gnoll sergeant barely misses you. The orc hits you but does no damage.
You are poisoned.
The gnoll barely misses you.
The gnoll sergeant hits you with a +0 spear.
There is a stone staircase leading up here.
You feel sick. The orc barely misses you.
The gnoll sergeant hits you with a +0 spear!
The gnoll barely misses you.
You climb upwards.
You feel sick.
There is a stone staircase leading down here.
Casting: Ozocubu's Armour (dangerous; 7% risk of failure)
Confirm with . or Enter, or press ? or * to list all spells.
Okay, then.
The gnoll sergeant attacks as you move away!
The gnoll sergeant hits you with a +0 spear.
You feel sick.
The gnoll sergeant hits you from afar with a +0 spear!
* * * LOW HITPOINT WARNING * * *
You feel better.
The gnoll sergeant completely misses you.
The gnoll hits you with a +0 club.
* * * LOW HITPOINT WARNING * * *
The gnoll attacks as you move away! The gnoll barely misses you.
The gnoll barely misses you. The gnoll hits you with a +0 club.
* * * LOW HITPOINT WARNING * * *
Okay, then.
Unknown command.
Okay, then.
The gnoll attacks as you move away! The gnoll hits you with a +0 club.
You die...

)..... ..# #.# ##...# ### #.#
##### ...## #.# #.... ##...##
#)# #.### ###.....#### #.#
#.# #.>........# #.# #.#
#.#.....##.#######.###.#
#.#.##.##.o.##..............#
#..........###@##############
##########og.g.# #######


You could see a gnoll sergeant, a gnoll and an orc.

Vanquished Creatures
  Sigmund (D:3)
  3 orc priests (D:3)
  2 orc wizards (D:3)
  Robin (D:1)
  2 adders (D:3)
  4 gnolls (D:2)
  An ufetubus (D:4)
  2 worms
  A dart slug (D:3)
  7 orcs (D:3)
  8 ball pythons
  3 endoplasms
  2 giant cockroaches
  10 goblins
  9 hobgoblins
  2 quokkas (D:1)
  A bat (D:3)
  2 frilled lizards
  9 kobolds
  5 rats
75 creatures vanquished.

Notes
Turn   | Place    | Note
-------+----------+-------------------------------------------
     0 | D:1      | jlumianski the Demonspawn Ice Elementalist began the quest
                  | for the Orb.
     0 | D:1      | Reached XP level 1. HP: 13/13 MP: 3/3
   248 | D:1      | Found a faded altar of an unknown god.
   545 | D:2      | Noticed Robin
   555 | D:1      | Gained mutation: You regenerate a little health from kills.
                  | [demonic ancestry]
   555 | D:1      | Reached XP level 2. HP: 19/19 MP: 3/5
   593 | D:1      | Reached skill level 4 in Ice Magic
  1495 | D:2      | Identified the +7 halberd of the Disturbing Xenops {freeze,
                  | rN+ Int+4}
  1606 | D:2      | Gained mutation: Your touch may inflict minor irresistible
                  | damage on your foes. [demonic ancestry]
  1606 | D:2      | Reached XP level 3. HP: 24/24 MP: 6/6
  1623 | D:1      | Learned a level 3 spell: Frozen Ramparts
  1873 | D:1      | Killed Robin
  1975 | D:1      | Reached skill level 1 in Armour
  2129 | D:2      | Reached skill level 1 in Polearms
  2217 | D:2      | Reached XP level 4. HP: 30/30 MP: 3/7
  2847 | D:3      | Reached XP level 5. HP: 35/35 MP: 4/9
  2853 | D:3      | Learned a level 3 spell: Ozocubu's Armour
  3124 | D:3      | Noticed Sigmund
  3136 | D:3      | Killed Sigmund
  3137 | D:3      | Gained mutation: Your touch may inflict irresistible damage
                  | on your foes. [demonic ancestry]
  3137 | D:3      | Reached XP level 6. HP: 20/42 MP: 1/10
  3980 | D:5      | Entered Level 5 of the Dungeon
  4073 | D:4      | Found an ancient bone altar of Kikubaaqudgha.
  4073 | D:4      | Found a shimmering blue altar of Sif Muna.
  4395 | D:4      | Slain by a gnoll

Illustrated notes

Levels and vault maps discovered:
D:1:      minmay_arrival_arboretum_large, layout_basic,
          shapermc_ecumenical_altar_venn, chequers_serial_rivers_room_a
D:2:      layout_loops_ring, uniq_robin
D:3:      layout_loops_ring, nicolae_concentric_dashed_squares_mild,
          serial_park_tiny_pond, grunt_decor_resistance, minmay_strange_pillars,
          nicolae_elevator_lobby_plus, uniq_sigmund
D:4:      layout_loops_ring, gammafunk_temple_overflow_statue
D:5:      cheibrodos_iron_armory, layout_basic, minmay_misc_feat_tiny,
          uniq_eustachio, uniq_duvessa

Skill      XL: |  1  2  3  4  5  6 |
---------------+-------------------+-----
Ice Magic      | 4 |  4.8
Dodging        | 2 |  2.1
Armour         | 1 2 |  2.1
Polearms       | 1 2 3 |  3.2
Stealth        | 2 |  2.2
Spellcasting   | 3 |  3.3
Fighting       | |  0.6

Action                   |  1- 3 |  4- 6 || total
-------------------------+-------+-------++-------
Melee: Short sword       |    17 |       ||    17
       Halberd           |    20 |    35 ||    55
Throw: Dart              |     3 |     2 ||     5
 Cast: Freeze            |    28 |     2 ||    30
       Frozen Ramparts   |     8 |    15 ||    23
       Ozocubu's Armour  |       |     2 ||     2
  Use: Scroll            |     2 |     4 ||     6
       Potion            |       |     1 ||     1
 Stab: Sleeping          |     3 |     3 ||     6
Armor: Robe              |     1 |       ||     1
       Leather armour    |    12 |     5 ||    17
Dodge: Dodged            |    58 |    26 ||    84

Table legend: (Time is in decaauts)
 A = Elapsed time spent in this place.
 B = Non-inter-level travel time spent in this place.
 C = Inter-level travel time spent in this place.
 D = Time resting spent in this place.
 E = Time spent auto-exploring this place.
 F = Levels seen in this place.
 G = Mean time per level.
                   A        B        C        D        E       F      G
               +--------+--------+--------+--------+--------+-----+--------+
         Total |   4431 |   4301 |    130 |    887 |   2264 |   5 |  886.2 |
       Dungeon |   4431 |   4301 |    130 |    887 |   2264 |   5 |  886.2 |
               +--------+--------+--------+--------+--------+-----+--------+

Top non-repeatable levels by time:
     D:1: 1366 daAuts
     D:3: 1358 daAuts
     D:2: 1235 daAuts
     D:4: 422 daAuts
     D:5: 47 daAuts
